 Dungeon Crawl Stone Soup version 0.16-a0-2652-gd333f3b (webtiles) character file.

11286 Gorice the Carver (level 11, -1/70 HPs)
             Began as a Demonspawn Wanderer on Nov 22, 2014.
             Was a Priest of Sif Muna.
             Slain by a two-headed ogre
             ... wielding a +0 giant spiked club
              (17 damage)
             ... on level 11 of the Dungeon on Nov 23, 2014.
             The game lasted 02:11:00 (12928 turns).

Gorice the Carver (Demonspawn Wanderer)            Turns: 12928, Time: 02:11:00

Health: -1/70      AC: 10    Str: 13    XL:     11   Next: 47%
Magic:  20/25      EV: 12    Int: 22    God:    Sif Muna [***...]
Gold:   647        SH:  6    Dex: 16    Spells: 6 memorised, 9 levels left

rFire  + . .     SeeInvis .     a - +3 falchion of Moderation {flame, rElec rC++}
rCold  + + .     Clarity  .     O - +2 robe {MR+}
rNeg   . . .     SustAb   .     F - +2 buckler
rPois  +         Gourm    .     z - +0 helmet
rElec  +         Spirit   .     x - +1 cloak {rPois} (curse)
rCorr  .         Warding  .     G - +0 pair of gloves "Utzotatroa" {+Rage MR++ Dex+3}
rMut   .         Stasis   .     (no boots)
MR     +++..                    (no amulet)
Stlth  +.........               q - +6 ring of intelligence
                                k - ring of wizardry

@: exhausted, slowed, repel missiles, very slow, extremely resistant to hostile
enchantments, very unstealthy
A: yellow scales 1, fire resistance 1, powered by death 2, flame cloud immunity
a: Channel Energy, Forget Spell, Renounce Religion, Evoke Berserk Rage


You were on level 11 of the Dungeon.
You worshipped Sif Muna.
Sif Muna was most pleased with you.
You were hungry.

You visited 2 branches of the dungeon, and saw 12 of its levels.

You collected 680 gold pieces.
You spent 33 gold pieces at shops.

Inventory:

Hand weapons
 a - the +3 falchion of Moderation (weapon) {flame, rElec rC++}
   (You found it on level 4 of the Dungeon)

   It emits flame when wielded, causing extra injury to most foes and up to
   double damage against particularly susceptible opponents.
   Big, fiery blades are also staple armaments of hydra-hunters.
   It greatly protects you from cold.
   It insulates you from electricity.
 b - a +0 blowgun
 p - a +1 scimitar of protection
 T - a +1 long sword of electrocution
Missiles
 g - 5 tomahawks (quivered)
 i - 77 poisoned needles
 Z - 84 stones
Armour
 h - a +2 robe of positive energy
 l - a shadow dragon hide
 x - a cursed +1 cloak of poison resistance (worn)
 z - a +0 helmet (worn)
 F - a +2 buckler (worn)
 G - the +0 pair of gloves "Utzotatroa" (worn) {+Rage MR++ Dex+3}
   (You found it on level 4 of the Dungeon)

   It affects your dexterity (+3).
   It affects your resistance to hostile enchantments.
   It lets you go berserk.
 I - a +2 cloak of invisibility
 O - a +2 robe of magic resistance (worn)
Jewellery
 k - a ring of wizardry (left hand)
 m - an uncursed ring of sustain abilities
 q - a +6 ring of intelligence (right hand)
 r - an uncursed ring of teleportation
 C - an uncursed ring of ice
 E - a +3 ring of evasion
 J - an uncursed ring of poison resistance
 S - an uncursed ring of wizardry
 W - an uncursed ring of fire
Magical devices
 n - a wand of frost (39)
 P - a wand of frost (33)
Scrolls
 d - a scroll of enchant weapon
 o - 2 scrolls of recharging
 v - 5 scrolls of teleportation
 y - a scroll of remove curse
 A - 2 scrolls of amnesia
 H - 2 scrolls of fog
 N - a scroll of magic mapping
 Q - 2 scrolls of enchant armour
Potions
 c - 8 potions of curing
 e - 3 potions of restore abilities
 s - a potion of haste
 u - a potion of magic
 w - a potion of agility
 M - a potion of resistance
 R - a potion of lignification
 X - a potion of cancellation
Books
 D - a book of Minor Magic

   Spells                             Type                      Level
   *Magic Dart                        Conjuration                  1
   *Blink                             Translocation                2
   *Call Imp                          Summoning                    2
   *Repel Missiles                    Charms/Air                   2
   Slow                               Hexes                        2
   *Conjure Flame                     Conjuration/Fire             3
   *Mephitic Cloud                    Conjuration/Poison/Air       3
Comestibles
 f - 4 bread rations
 j - 4 meat rations
 t - 5 fruits
 B - a chunk of flesh
 K - 2 beef jerkies


   Skills:
 - Level 1.0 Fighting
 - Level 10.9 Long Blades
 - Level 2.9 Dodging
 - Level 1.0 Shields
 + Level 6.3 Spellcasting
 + Level 8.1 Conjurations
 + Level 2.7 Charms
 - Level 4.0 Summonings
 - Level 3.0 Translocations
 - Level 3.0 Fire Magic
 - Level 3.6 Air Magic
 - Level 3.1 Poison Magic
 - Level 1.0 Evocations


You had 9 spell levels left.
You knew the following spells:

 Your Spells              Type           Power        Failure   Level  Hunger
a - Magic Dart            Conj           ####         1%          1    None
b - Mephitic Cloud        Conj/Pois/Air  ####....     1%          3    #......
c - Conjure Flame         Conj/Fire      ####....     1%          3    #......
d - Call Imp              Summ           ###.....     1%          2    None
J - Blink                 Tloc           N/A          1%          2    None
M - Repel Missiles        Chrm/Air       ###...       1%          2    None


Dungeon Overview and Level Annotations

Branches:
Dungeon (11/15)            Temple (1/1) D:5            Lair (0/8) D:11
    Orc (0/4) D:10

Altars:
Ashenzari
Cheibriados
Dithmenos
Elyvilon
Fedhas
Gozag
Kikubaaqudgha
Makhleb
Nemelex Xobeh
Okawaru
Qazlal
Ru
Sif Muna
Trog
Vehumet
Xom
Yredelemnul
Zin
The Shining One

Shops:
D:4 **   D:6 %

Annotations:
D:11 Nessos


Innate Abilities, Weirdness & Mutations

You are partially covered in yellow scales (AC +2).
Your flesh is heat resistant.
You can steal the life force of defeated enemies.
You are immune to clouds of flame.


Message History

You slash Nessos! You burn Nessos.
Nessos is almost dead.
Nessos blinks!
Nessos blinks!
Nessos wields an uncursed longbow of flaming.
It bursts into flame!
Nessos shoots a poisoned arrow.
The poisoned arrow is repelled.
You feel a strong urge to attack something.
You are no longer berserk.
You are exhausted.
You feel yourself slow down.
You are feeling hungry.
Nessos unwields an uncursed longbow of flaming.
It stops flaming.
Nessos barely misses you. Nessos hits you. Nessos hits you!
You hit Nessos but do no damage.
Nessos is almost dead.
Nessos hits you!
* * * LOW HITPOINT WARNING * * *
The two-headed ogre hits you with a giant spiked club!
You die...

#....# #. #......c.........
#..(.# .# #................
#....###.###.......##.......
#....##.###........# #......
##....((รท..........## . .
##..#..(............#
###..##................
##.)####(..(............#
#..## ##(.....O@c.......
.### ###.............. ##
####.......... # #####......
# ############ ####.. ##
#..........##### #.
......>........#### #.
..................#### ###.
.....................#
###...


You could see Nessos and a two-headed ogre.

Vanquished Creatures
  The ghost of nht the Basher, an experienced OgBe of Trog (D:9)
  Erolcha (D:9)
  A hill giant (D:11)
  Pikel (D:9)
  Psyche (D:8)
  2 trolls
  A hippogriff (D:8)
  12 yaks
  2 hungry ghosts
  A steam dragon (D:11)
  Edmund (D:9)
  3 wargs
  2 water moccasins (D:4)
  A sky beast (D:10)
  2 slaves (D:9)
  3 ice beasts
  2 orc warriors
  A necrophage (D:7)
  8 centaurs
  7 ogres
  A phantom (D:8)
  A brain worm (D:11)
  4 big kobolds
  A wyvern zombie (D:7)
  Blork the orc (D:8)
  2 gnoll sergeants
  5 giant frogs
  2 scorpions
  2 wyvern skeletons
  8 killer bees
  3 wights (D:10)
  2 centaur zombies
  A goliath beetle (D:6)
  4 hounds
  2 centaur skeletons
  7 crimson imps
  A giant frog skeleton (D:9)
  Crazy Yiuf (D:5)
  3 jellies (D:9)
  An orc priest (D:3)
  10 orc wizards
  3 iguanas
  13 worker ants
  Ijyb (D:3)
  Terence (D:2)
  A hound skeleton (D:4)
  10 adders
  13 gnolls
  2 shadow imps
  6 worms
  An adder zombie (D:9)
  5 giant geckos
  An ooze (D:2)
  43 orcs
  A bat skeleton (D:7)
  8 giant cockroaches
  14 hobgoblins
  5 jackals
  34 kobolds
  3 quokkas
  2 ball pythons
  15 bats
  A giant gecko skeleton (D:6)
  A giant gecko zombie (D:7)
  2 giant newts
  15 goblins
  2 quokka zombies
  13 rats
331 creatures vanquished.

Vanquished Creatures (collateral kills)
  A mummy (D:10)
1 creature vanquished.

Vanquished Creatures (others)
  A crimson imp (D:10)
  A shadow imp (D:10)
  2 white imps (D:10)
  A quokka (D:6)
5 creatures vanquished.

Grand Total: 337 creatures vanquished

Notes
Turn   | Place    | Note
--------------------------------------------------------------
     0 | D:1      | Gorice, the Demonspawn Wanderer, began the quest for the Orb.
     0 | D:1      | Gorice set off with: a +2 falchion, a potion of lignification, a potion of curing, a +0 robe, a bread ration
     0 | D:1      | Reached XP level 1. HP: 15/15 MP: 2/2
     3 | D:1      | Noticed an electric eel
     3 | D:1      | Noticed an electric eel
   511 | D:1      | Gained mutation: You are partially covered in yellow scales (AC +2). [demonic ancestry]
   511 | D:1      | Reached XP level 2. HP: 16/21 MP: 3/3
   739 | D:1      | You fall through a shaft!
   789 | D:2      | Reached XP level 3. HP: 26/26 MP: 4/4
   970 | D:2      | Reached skill level 3 in Long Blades
  1262 | D:2      | Reached XP level 4. HP: 22/32 MP: 5/5
  1976 | D:3      | Noticed Terence
  2009 | D:2      | Killed Terence
  2100 | D:3      | Reached skill level 4 in Long Blades
  2235 | D:3      | Reached XP level 5. HP: 37/37 MP: 7/7
  2529 | D:3      | Noticed Ijyb
  2541 | D:3      | Killed Ijyb
  2928 | D:3      | Reached skill level 5 in Long Blades
  3368 | D:4      | Found a shattered altar of Ashenzari.
  3386 | D:4      | Found Lenuerub's Serpentskin Sales.
  3386 | D:4      | Noticed a water moccasin
  3386 | D:4      | Noticed a water moccasin
  3403 | D:4      | Gained mutation: You can steal the life force of nearby defeated enemies. [demonic ancestry]
  3403 | D:4      | Reached XP level 6. HP: 23/43 MP: 8/8
  3488 | D:4      | Found a shadowy altar of Dithmenos.
  3511 | D:4      | Got an ancient falchion
  3512 | D:4      | Identified the +3 falchion of Moderation {flame, rElec rC++} (You found it on level 4 of the Dungeon)
  3578 | D:4      | Found a bloodstained altar of Trog.
  3578 | D:4      | Found a basalt altar of Yredelemnul.
  3619 | D:4      | Got a pair of transparent gloves
  3630 | D:4      | Identified the +0 pair of gloves "Utzotatroa" {+Rage MR++ Dex+3} (You found it on level 4 of the Dungeon)
  3806 | D:4      | Killed a water moccasin
  3806 | D:4      | Reached skill level 6 in Long Blades
  3827 | D:4      | Killed a water moccasin
  3827 | D:4      | Reached XP level 7. HP: 26/48 MP: 9/9
  4081 | D:4      | Reached skill level 7 in Long Blades
  4281 | D:4      | Found Prienain's General Store.
  4286 | D:4      | Bought a potion of curing for 33 gold pieces
  4322 | D:5      | Entered Level 5 of the Dungeon
  4503 | D:5      | Found a shimmering altar of Xom.
  4598 | D:5      | Found a staircase to the Ecumenical Temple.
  4605 | Temple   | Entered the Ecumenical Temple
  4829 | D:5      | Noticed Crazy Yiuf
  4836 | D:5      | Killed Crazy Yiuf
  4944 | D:5      | Found an ancient bone altar of Kikubaaqudgha.
  5155 | D:6      | Reached skill level 8 in Long Blades
  5216 | D:6      | Gained mutation: You can steal the life force of defeated enemies. [demonic ancestry]
  5216 | D:6      | Reached XP level 8. HP: 54/54 MP: 10/10
  5352 | D:6      | Found Mionk's Food Shop.
  5450 | D:6      | Noticed a yak
  5451 | D:6      | Noticed a yak
  5452 | D:6      | Noticed a yak
  5488 | D:5      | Killed a yak
  5488 | D:5      | Reached skill level 9 in Long Blades
  5544 | D:6      | Killed a yak
  5755 | D:6      | Found a white marble altar of Elyvilon.
  5793 | D:6      | Reached skill level 10 in Long Blades
  5846 | D:6      | Noticed a yak
  5888 | D:6      | Noticed a yak
  5890 | D:6      | Killed a yak
  5931 | D:5      | Killed a yak
  6044 | D:6      | Noticed a yak
  6061 | D:5      | Killed a yak
  6061 | D:5      | Gained mutation: Your flesh is heat resistant. [demonic ancestry]
  6061 | D:5      | Reached XP level 9. HP: 34/59 MP: 11/11
  6179 | D:6      | Killed a yak
  6250 | D:5      | Learned a level 2 spell: Repel Missiles
  6253 | D:5      | Learned a level 2 spell: Call Imp
  6257 | D:5      | Learned a level 3 spell: Mephitic Cloud
  6261 | D:5      | Learned a level 3 spell: Conjure Flame
  6561 | D:7      | Reached skill level 1 in Conjurations
  6583 | D:7      | Reached skill level 1 in Summonings
  6830 | D:7      | Found an iron altar of Okawaru.
  7638 | D:7      | Found a sparkling altar of Nemelex Xobeh.
  7639 | D:7      | Found a deep blue altar of Sif Muna.
  8210 | D:8      | Noticed Psyche
  8254 | D:8      | Reached skill level 1 in Poison Magic
  8269 | D:8      | Killed Psyche
  8346 | D:8      | Reached skill level 5 in Conjurations
  8346 | D:8      | Reached XP level 10. HP: 63/65 MP: 19/19
  8782 | D:7      | Became a worshipper of Sif Muna the Loreminder
  8800 | D:8      | Noticed Blork the orc
  8813 | D:8      | Killed Blork the orc
  9034 | D:9      | Noticed nht's ghost (experienced OgBe)
  9049 | D:9      | Killed nht's ghost
  9049 | D:9      | Acquired Sif Muna's first power
  9209 | D:9      | Reached skill level 1 in Fire Magic
  9522 | D:9      | Noticed Erolcha
  9614 | D:9      | Killed Erolcha
  9643 | D:9      | Noticed Pikel
  9722 | D:9      | Killed Pikel
  9722 | D:9      | Acquired Sif Muna's second power
  9808 | D:9      | Noticed Edmund
  9813 | D:9      | Killed Edmund
  9813 | D:9      | Reached skill level 5 in Spellcasting
 10137 | D:10     | Entered Level 10 of the Dungeon
 10152 | D:10     | Learned a level 2 spell: Blink
 10500 | D:10     | Gained mutation: You are immune to clouds of flame. [demonic ancestry]
 10500 | D:10     | Reached XP level 11. HP: 70/70 MP: 11/23
 10508 | D:10     | Upgraded the game from 0.16-a0-2622-gbfab2ba to 0.16-a0-2652-gd333f3b
 10687 | D:10     | Reached skill level 1 in Charms
 10687 | D:10     | Reached skill level 1 in Translocations
 11158 | D:10     | Found a staircase to the Orcish Mines.
 11786 | D:11     | Found a staircase to the Lair.
 12017 | D:11     | Learned a level 1 spell: Magic Dart
 12029 | D:11     | Noticed a hill giant
 12047 | D:11     | Killed a hill giant
 12346 | D:11     | Noticed Nessos
 12928 | D:11     | Slain by a two-headed ogre

Action                   |  1- 3 |  4- 6 |  7- 9 | 10-12 || total
-------------------------+-------+-------+-------+-------++-------
Melee: Falchion          |   109 |   243 |   351 |   537 ||  1240
 Fire: Blowgun           |       |       |    49 |       ||    49
Throw: Stone             |    22 |    34 |    15 |       ||    71
       Tomahawk          |       |    19 |    53 |     5 ||    77
 Cast: Mephitic Cloud    |       |       |    12 |    36 ||    48
       Conjure Flame     |       |       |    11 |    31 ||    42
       Repel Missiles    |       |       |     2 |     3 ||     5
       Blink             |       |       |       |     1 ||     1
       Call Imp          |       |       |       |     7 ||     7
       Magic Dart        |       |       |       |     5 ||     5
Evoke: Wand              |       |    11 |       |     2 ||    13
  Use: Potion            |     2 |     6 |     1 |     1 ||    10
       Scroll            |     5 |     9 |     7 |     5 ||    26
 Stab: Sleeping          |       |       |     2 |       ||     2
       Confused          |       |       |    10 |    30 ||    40
       Distracted        |       |       |     1 |       ||     1
  Eat: Chunk             |     1 |     8 |    13 |    18 ||    40
       Meat ration       |       |       |     1 |       ||     1
